 Dungeon Sprint DCSS version 0.26-a0-710-g95a0c6c400 (webtiles) character file.

Game seed: 12041741324212279289

250 mhtbhm the Basher (level 5, -5/55 HPs)
             Began as a Palentonga Berserker on Oct 30, 2020.
             Was a High Priest of Trog.
             Slain by a white ugly thing (30 damage)
             ... in the Dungeon (Sprint IX: "|||||||||||||||||||||||||||||").
             The game lasted 00:01:03 (356 turns).

mhtbhm the Basher (Palentonga Berserker)             Turns: 356, Time: 00:01:03

Health: -5/55      AC: 17    Str: 24    XL:     5   Next: 88%
Magic:  5/5        EV:  5    Int: 11    God:    Trog [*****.]
Gold:   0          SH:  0    Dex:  9    Spells: 4/4 levels left

rFire    . . .     SeeInvis +   a - +2 dire flail (protect)
rCold    . . .     Faith    .   (shield currently unavailable)
rNeg     . . .     Spirit   .   b - +0 plate armour
rPois    .         Reflect  .   (no helmet)
rElec    .         Harm     .   l - +0 cloak
rCorr    .         Rampage  .   (no gloves)
MR       .....     NoTele   +   (no barding)
Stlth    ..........             (no amulet)
HPRegen  0.18/turn              m - +3 ring of intelligence
MPRegen  0.09/turn              n - +3 ring of strength

@: protection aura
A: large, rugged brown scales 3, see invisible, deformed body, roll, armoured
tail
a: Rolling Charge, Berserk, Trog's Hand, Brothers in Arms, Renounce Religion


You were in the Dungeon.
You worshipped Trog.
Trog was extremely pleased with you.
You visited 1 branch

Inventory:

Hand Weapons
 a - a +2 dire flail of protection (weapon)
Armour
 b - a +0 plate armour (worn)
 l - a +0 cloak (worn)
Jewellery
 m - a +3 ring of intelligence (left hand)
 n - a +3 ring of strength (right hand)
Wands
 k - a wand of acid (10)
Scrolls
 h - 2 scrolls of blinking
 j - 3 scrolls of remove curse
Potions
 c - 5 potions of curing
 d - 3 potions of heal wounds
 e - a potion of haste
 f - 4 potions of magic
 g - a potion of berserk rage
 i - a potion of invisibility


   Skills:
 + Level 7.5 Fighting
 + Level 9.1 Maces & Flails
 + Level 3.2 Armour
 + Level 3.5 Dodging
 + Level 0.2 Stealth


You had 4 spell levels left.
You didn't know any spells.
Your spell library was empty.

Dungeon Overview and Level Annotations

Branches:
Dungeon (1/1)

Altars:
Cheibriados
Dithmenos
Elyvilon
Fedhas
Gozag
Hepliaklqana
Kikubaaqudgha
Makhleb
Nemelex Xobeh
Okawaru
Qazlal
Ru
Sif Muna
Trog
Uskayaw
Vehumet
Wu Jian
Xom
Yredelemnul
Zin
The Shining One
Beogh
Jiyva
Lugonu


Innate Abilities, Weirdness & Mutations

You are completely covered in rugged brown scales. (AC +3, +7% HP)
You have supernaturally acute eyesight. (SInv)
Armour fits poorly on your strangely shaped body.
You can roll at foes to attack.
You have a long armoured tail.


Message History

You closely miss the white ugly thing.
The white ugly thing is lightly wounded.
The white ugly thing gores you. The white ugly thing freezes you!!
You barely miss the white ugly thing.
The white ugly thing is lightly wounded.
The white ugly thing gores you but does no damage.
You closely miss the white ugly thing.
The white ugly thing is lightly wounded.
You closely miss the white ugly thing.
The white ugly thing is lightly wounded.
The white ugly thing gores you but does no damage.
You puncture the white ugly thing!
Your tail-slap misses the white ugly thing.
The white ugly thing is moderately wounded.
The white ugly thing gores you but does no damage.
You barely miss the white ugly thing.
The white ugly thing is moderately wounded.
The white ugly thing gores you. The white ugly thing freezes you!!
Ouch! That really hurt!
You die... ▓▓▓▓▓▓▓▓▓▓▓▓▓▓▓▓▓▓▓▓▓▓▓▓ '.?).[[...†)....@ucoDBZ. ▓▓▓▓▓▓▓▓▓▓▓▓▓▓▓▓▓▓▓▓▓▓▓▓

You could see a white ugly thing, a centaur warrior, an acid dragon, a worker ant, an orc and a jackal zombie.

Vanquished Creatures
  An orc warrior (D)
  2 howler monkeys (D)
  An iguana (D)
  An orc wizard (D)
  2 adders (D)
  An ooze (D)
  An adder skeleton (D)
  A bat (D)
  A bat skeleton (D)
  A kobold (D)
  A quokka (D)
  2 frilled lizards (D)
  A rat (D)
16 creatures vanquished.

Notes
Turn   | Place    | Note
-------+----------+-------------------------------------------
     0 | D        | mhtbhm the Palentonga Berserker began the quest for the
                  | Orb.
     0 | D        | Reached XP level 1. HP: 20/20 MP: 1/1
    11 | D        | Reached ** piety under Trog
    13 | D        | Reached XP level 2. HP: 22/28 MP: 2/2
    15 | D        | Reached skill level 4 in Maces & Flails
   102 | D        | Reached *** piety under Trog
   106 | D        | Reached skill level 5 in Fighting
   106 | D        | Reached skill level 5 in Maces & Flails
   106 | D        | Reached XP level 3. HP: 38/38 MP: 3/3
   109 | D        | Reached **** piety under Trog
   116 | D        | Found a roughly hewn altar of Beogh.
   116 | D        | Found a snail-covered altar of Cheibriados.
   116 | D        | Found a shadowy altar of Dithmenos.
   116 | D        | Found a white marble altar of Elyvilon.
   116 | D        | Found a blossoming altar of Fedhas.
   116 | D        | Found an opulent altar of Gozag.
   117 | D        | Found a hazy altar of Hepliaklqana.
   118 | D        | Found a viscous altar of Jiyva.
   119 | D        | Found an ancient bone altar of Kikubaaqudgha.
   120 | D        | Found a corrupted altar of Lugonu.
   121 | D        | Found a burning altar of Makhleb.
   122 | D        | Found a sparkling altar of Nemelex Xobeh.
   123 | D        | Found an iron altar of Okawaru.
   124 | D        | Found a stormy altar of Qazlal.
   125 | D        | Found a sacrificial altar of Ru.
   126 | D        | Found a shimmering blue altar of Sif Muna.
   127 | D        | Found a bloodstained altar of Trog.
   128 | D        | Found a hide-covered altar of Uskayaw.
   129 | D        | Found a radiant altar of Vehumet.
   130 | D        | Found an ornate altar of the Wu Jian Council.
   131 | D        | Found a shimmering altar of Xom.
   132 | D        | Found a basalt altar of Yredelemnul.
   133 | D        | Found a glowing silver altar of Zin.
   134 | D        | Found a glowing golden altar of the Shining One.
   193 | D        | Noticed an orc warrior
   196 | D        | Reached skill level 6 in Maces & Flails
   196 | D        | Reached XP level 4. HP: 47/47 MP: 4/4
   200 | D        | Killed an orc warrior
   200 | D        | Reached skill level 8 in Maces & Flails
   200 | D        | Reached XP level 5. HP: 55/55 MP: 5/5
   203 | D        | Reached ***** piety under Trog
   207 | D        | Reached skill level 9 in Maces & Flails
   346 | D        | Noticed a white ugly thing
   346 | D        | Noticed a centaur warrior
   346 | D        | Noticed an acid dragon
   356 | D        | Slain by a white ugly thing

Illustrated notes

Levels and vault maps discovered:
D:        linesprint [early_d, line_temple, items_1, d_10, items_2, lair_1,
          lair_end, items_3, orc_1, orc_end, items_4, d_15, swamp_1, shoals_1,
          snake_1, spider_1, d_20, vaults_1, items_5, swamp_end, shoals_end,
          snake_end, spider_end, vaults_end, d_27, items_6, zot_1, zot_end,
          crypt_end, forest_end, elf_end, slime_end, tomb_end, abyss_end,
          pan_hell_end]

Skill      XL: |  1  2  3  4  5 |
---------------+----------------+-----
Maces & Flails | 5 6 8 9 |  9.1
Fighting       | 5 7 |  7.5
Armour         | 2 3 |  3.2
Dodging        | 2 3 |  3.5
Stealth        | |  0.2

Action                   |  1- 3 |  4- 6 || total
-------------------------+-------+-------++-------
Melee: Mace              |    29 |       ||    29
       Tailslap          |     3 |     2 ||     5
       Dire flail        |     2 |    20 ||    22
Invok: Berserk           |     2 |       ||     2
Armor: Animal skin       |     5 |       ||     5
       Plate armour      |     2 |    10 ||    12
Dodge: Dodged            |    14 |       ||    14

Table legend: (Time is in decaauts)
 A = Elapsed time spent in this place.
 B = Non-inter-level travel time spent in this place.
 C = Inter-level travel time spent in this place.
 D = Time resting spent in this place.
 E = Time spent auto-exploring this place.
 F = Levels seen in this place.
 G = Mean time per level.
                   A        B        C        D        E       F      G
               +--------+--------+--------+--------+--------+-----+--------+
         Total |    370 |    370 |      0 |    224 |      3 |   1 |  370.0 |
       Dungeon |    370 |    370 |      0 |    224 |      3 |   1 |  370.0 |
               +--------+--------+--------+--------+--------+-----+--------+

Top non-repeatable levels by time:
       D: 370 daAuts
